 Dungeon Crawl Stone Soup version 0.15.2 (webtiles) character file.

781 Heini the Covered (level 7, -5/63 HPs)
             Began as a Minotaur Fighter on Feb 9, 2015.
             Was a Follower of Okawaru.
             Blown up by Pikel (8 damage)
             ... with a wand of disintegration
             ... on Level 5 of the Dungeon.
             The game lasted 00:12:02 (4224 turns).

Heini the Covered (Minotaur Fighter)                Turns: 4224, Time: 00:12:02

HP  -5/63        AC  9     Str 25      XL: 7   Next: 55%
MP   3/3         EV  7     Int  5      God: Okawaru [*.....]
Gold 189         SH  9     Dex  9      Spells:  0 memorised,  6 levels left

rFire  . . .     SeeInvis .     a - +0 flail
rCold  . . .     Clarity  .     b - +0 scale mail
rNeg   . . .     rCorr    .     c - +0 shield
rPois  .         rRot     .     (helmet restricted)
rElec  .         Spirit   .     f - +0 cloak
SustAb .         Warding  .     (no gloves)
rMut   +         Stasis   .     (no boots)
Gourm  .                        m - amulet of resist mutation
MR     .....                    (no ring)
                                s - +2 ring of strength

@: not resistant to hostile enchantments, extremely unstealthy
A: retaliatory headbutt, horns 2
a: Heroism, Renounce Religion


You were on level 5 of the Dungeon.
You worshipped Okawaru.
Okawaru was aware of your devotion.
You were not hungry.

You visited 2 branches of the dungeon, and saw 6 of its levels.

You collected 189 gold pieces.

Inventory:

Hand weapons
 a - a +0 flail (weapon)
Armour
 b - a +0 scale mail (worn)
 c - a +0 shield (worn)
 f - a +0 cloak (worn)
Magical devices
 v - a wand of cold (13) {unknown}
Comestibles
 d - 5 bread rations
 j - a beef jerky
 n - 2 fruits
 r - a slice of pizza
Scrolls
 g - a scroll of teleportation
 k - a scroll of identify
 o - 5 scrolls of remove curse
 t - 2 scrolls of recharging
Jewellery
 m - an amulet of resist mutation (around neck)
 s - a +2 ring of strength (left hand)
 w - an uncursed ring of wizardry {unknown}
Potions
 e - a potion of might
 i - a potion of agility
 l - 3 potions of curing
 p - a potion of poison {unknown}
 q - 3 potions of flight {unknown}
 u - a potion of haste {unknown}
 x - 2 potions of restore abilities
Books
 h - a book of the Earth

   Spells                             Type                      Level
   Leda's Liquefaction                Hexes/Earth                  4
   Bolt of Magma                      Conjuration/Fire/Earth       5
   Statue Form                        Transmutation/Earth          6
   Iron Shot                          Conjuration/Earth            6
   Shatter                            Earth                        9


   Skills:
 * Level 6.2 Fighting
 * Level 6.6 Maces & Flails
 * Level 7.2 Armour
 - Level 3.6 Shields


You had 6 spell levels left.
You didn't know any spells.

Dungeon Overview and Level Annotations

Branches:
Dungeon (5/15)             Temple (1/1) D:4

Altars:
Ashenzari
Cheibriados
Dithmenos
Elyvilon
Fedhas
Kikubaaqudgha
Makhleb
Nemelex Xobeh
Okawaru
Qazlal
Sif Muna
Trog
Vehumet
Xom
Yredelemnul
Zin
The Shining One

Annotations:
D:4 elenap21's ghost, experienced OpTm
D:5 Pikel


Innate Abilities, Weirdness & Mutations

You reflexively headbutt those who attack you in melee.
You have a pair of horns on your head.


Message History

You miss Pikel.
Pikel is severely wounded.
Pikel hits you with a whip of flaming.
* * * LOW HITPOINT WARNING * * *
Pikel burns you.
* * * LOW HITPOINT WARNING * * *
You miss Pikel. You headbutt Pikel, but do no damage.
Pikel is severely wounded.
Pikel hits you with a whip of flaming.
* * * LOW HITPOINT WARNING * * *
Pikel burns you.
* * * LOW HITPOINT WARNING * * *
You closely miss Pikel.
Pikel is severely wounded.
Pikel zaps a wand.
You are blasted!
* * * LOW HITPOINT WARNING * * *
You closely miss Pikel.
Pikel is severely wounded.
Pikel zaps a wand.
You are blasted!
You die...

. . $... ... .#?
... . ... ... ..
##..# #.## #..# #?
#..####..#
#..p######.##....#
#.pgpK@.......##.#
#..g####......##)#
#. #..###..##.# ##
#.## #...#.# #. #.
##....## #. ..
##....####. ..#
#......... ..
##..#####. #..# #.


You could see Pikel, 3 slaves and 2 gnolls.

Vanquished Creatures
  An ogre (D:5)
  A centaur (D:5)
  Sigmund (D:5)
  A scorpion (D:4)
  A crimson imp (D:5)
  A goliath beetle (D:3)
  A hound (D:5)
  The ghost of elenap21 the Sneak, a weakling VSAs (D:3)
  2 orc priests (D:5)
  2 orc wizards
  An iguana (D:4)
  Ijyb (D:4)
  An ogre zombie (D:5)
  A gnoll (D:5)
  3 adders
  2 giant mites (D:1)
  An inept feature mimic (D:5)
  2 worms (D:4)
  3 giant geckos
  2 oozes
  14 orcs
  8 bats
  5 giant cockroaches
  14 goblins
  14 hobgoblins
  4 jackals
  8 kobolds
  2 quokkas
  A ball python (D:2)
  6 giant newts
  A quokka zombie (D:5)
  13 rats
119 creatures vanquished.

Notes
Turn   | Place    | Note
--------------------------------------------------------------
     0 | D:1      | Heini, the Minotaur Fighter, began the quest for the Orb.
     0 | D:1      | Reached XP level 1. HP: 19/19 MP: 1/1
    57 | D:1      | Reached skill level 4 in Armour
    61 | D:1      | Reached XP level 2. HP: 12/27 MP: 1/1
   600 | D:1      | Reached XP level 3. HP: 33/33 MP: 2/2
  1189 | D:2      | Reached skill level 5 in Armour
  1200 | D:2      | Reached XP level 4. HP: 39/41 MP: 2/2
  1752 | D:3      | Noticed elenap21's ghost (weakling VSAs)
  1756 | D:3      | Killed elenap21's ghost
  1999 | D:3      | Reached XP level 5. HP: 47/47 MP: 2/2
  2448 | D:4      | Reached skill level 5 in Fighting
  2572 | D:4      | Reached skill level 6 in Armour
  2720 | D:4      | Noticed elenap21's ghost (experienced OpTm)
  2735 | D:4      | HP: 1/48 [elenap21's ghost (3)]
  2997 | D:4      | Found a staircase to the Ecumenical Temple.
  3007 | Temple   | Entered the Ecumenical Temple
  3016 | Temple   | Became a worshipper of Warmaster Okawaru
  3374 | D:4      | Reached XP level 6. HP: 56/56 MP: 3/3
  3385 | D:4      | Noticed Ijyb
  3391 | D:4      | Killed Ijyb
  3811 | D:5      | Entered Level 5 of the Dungeon
  3828 | D:5      | Reached skill level 5 in Maces & Flails
  3953 | D:5      | Acquired Okawaru's first power
  3963 | D:5      | Reached XP level 7. HP: 42/62 MP: 3/3
  4021 | D:5      | Noticed Sigmund
  4062 | D:5      | Killed Sigmund
  4062 | D:5      | Reached skill level 7 in Armour
  4153 | D:5      | Found a staircase to the Ecumenical Temple.
  4156 | D:5      | the staircase to the Ecumenical Temple was a mimic.
  4210 | D:5      | Noticed Pikel
  4223 | D:5      | HP: 3/63 [disintegration (12)]
  4224 | D:5      | Blown up by Pikel

Action                   |  1- 3 |  4- 6 |  7- 9 || total
-------------------------+-------+-------+-------++-------
Melee: Flail             |   102 |   203 |    70 ||   375
  Use: Scroll            |       |    11 |       ||    11
       Potion            |       |       |     1 ||     1
  Eat: Chunk             |     1 |     8 |     1 ||    10
       Fruit             |       |     1 |       ||     1
